Map: Port Aleksander LE

Players

Has

  • Race: Protoss Protoss
  • League: Diamond
  • Spawn Location: 11:00

SortOf - Winner!

  • Race: Zerg Zerg
  • Spawn Location: 5:00

Event: 2019 WCS Spring

VOD

Have the link to the VOD?

Description

Time

  • Played on: May 17, 2019, 2:45 p.m.
  • Length: 8:25

All games in this series

Show
View Real Time Build Order
Export as new Build Order

Has Protoss 

Build Orders: Nexus First, Oracle Opening, Mass Adepts 

Get SALT Encoding   

  12  0:00  Probe  
  13  0:13  Probe  
  14  0:20  Pylon  
  14  0:24  Probe  
  15  0:34  Probe  
  15  0:42  Probe  
  17  0:59  Nexus  
  17  1:09  Gateway  
  17  1:11  Probe  
  17  1:17  Assimilator  
  18  1:20  Probe  
  19  1:26  Assimilator  
  19  1:28  Probe  
  20  1:35  Pylon  
  20  1:38  Probe  
  21  1:50  Probe  
  22  1:56  Cybernetics Core  
  22  2:02  Probe  
  23  2:08  Gateway  
  23  2:11  Probe  
  24  2:16  Probe  
  24  2:19  Probe  
  25  2:23  Stalker  
  27  2:38  Stargate  
  27  2:39  Warp Gate  
  27  2:42  Probe  
  28  2:44  Probe  
  29  2:55  Adept  
  29  2:56  Adept  
  33  2:59  Probe  
  33  3:00  Probe  
  35  3:11  Probe  
  35  3:12  Oracle  
  36  3:13  Probe  
  37  3:23  Probe  
  37  3:25  Probe  
  42  3:27  Gateway  
  42  3:35  Probe  
  42  3:37  Probe  
  42  3:38  Pylon  
  44  3:43  Gateway  
  44  3:47  Probe  
  45  3:55  Probe  
  46  3:56  Oracle, Pylon  
  46  3:59  Probe  
  50  4:07  Probe  
  50  4:08  Pylon  
  51  4:11  Probe  
  52  4:19  Probe, Robotics Facility  
  52  4:23  Assimilator, Probe  
  54  4:28  Adept x3  
  54  4:31  Probe  
  61  4:35  Probe, Pylon  
  62  4:38  Adept  
  64  4:53  Adept x3  
  64  4:59  Oracle, Adept  
  70  5:00  Probe  
  72  5:15  Assimilator  
  72  5:19  Immortal, Pylon  
  72  5:20  Probe x2  
  77  5:32  Probe  
  78  5:37  Probe  
  79  5:45  Probe  
  79  5:49  Probe  
  69  5:53  Immortal  
  67  6:02  Gateway  
  67  6:03  Gateway  
  67  6:04  Gateway  
  65  6:05  Gateway  
  65  6:07  Gateway  
  62  6:13  Sentry  
  62  6:14  Zealot x2, Sentry  
  62  6:17  Pylon  
  70  6:25  Warp Prism  
  72  6:35  Zealot  
  74  6:40  Zealot, Sentry x2  
  74  6:43  Nexus  
  74  6:46  Pylon  
  80  6:54  Warp Prism  
  80  7:01  Zealot  
  84  7:02  Stalker  
  84  7:03  Stalker x3  
  92  7:12  Pylon  
  92  7:13  Zealot  
  94  7:20  Stalker x3  
  100  7:24  Adept  
  99  7:42  Stalker x4  
  106  7:46  Zealot x2  
  109  7:57  Zealot  
  105  7:58  Zealot  
  105  7:59  Zealot  
  109  8:11  Pylon  
  103  8:13  Pylon  
  103  8:15  Pylon  
  103  8:17  Pylon  
Show
View Real Time Build Order
Export as new Build Order

SortOf Zerg - Winner!

Build Orders: Hatch First 

Get SALT Encoding   

  12  0:00  Drone  
  13  0:12  Overlord  
  13  0:18  Drone  
  14  0:31  Drone x2  
  16  0:48  Drone  
  17  0:51  Drone  
  18  0:57  Hatchery  
  18  1:01  Drone  
  18  1:06  Extractor  
  17  1:16  Spawning Pool  
  16  1:18  Drone  
  16  1:21  Drone  
  18  1:29  Drone  
  19  1:41  Drone  
  20  1:51  Overlord  
  20  2:02  Queen  
  22  2:09  Queen  
  22  2:10  Drone  
  22  2:12  Metabolic Boost, Zergling x4  
  27  2:20  Drone  
  27  2:22  Drone  
  29  2:33  Drone  
  29  2:36  Drone  
  31  2:44  Hatchery  
  31  2:46  Drone x2  
  32  2:53  Zergling x2  
  32  2:57  Queen  
  35  3:01  Overlord  
  35  3:04  Drone  
  36  3:19  Overlord  
  35  3:20  Drone x3  
  35  3:21  Drone x2  
  40  3:32  Drone x2  
  42  3:34  Spore Crawler x2  
  40  3:43  Drone x2  
  40  3:45  Queen  
  40  3:47  Overlord  
  44  3:55  Zergling x4  
  46  3:58  Spore Crawler  
  46  4:01  Zergling x2  
  46  4:02  Drone x2  
  48  4:03  Drone x2  
  48  4:08  Drone  
  51  4:11  Queen  
  51  4:15  Drone x3  
  56  4:23  Overlord  
  56  4:27  Queen  
  58  4:31  Roach Warren  
  58  4:32  Drone x2  
  58  4:33  Drone  
  58  4:36  Drone  
  58  4:38  Drone x2  
  63  4:45  Zergling x6  
  66  4:55  Overlord  
  66  4:58  Overlord  
  65  5:02  Zergling x2  
  65  5:05  Lair  
  65  5:08  Extractor  
  65  5:09  Overlord, Zergling x4  
  65  5:16  Zergling x20  
  65  5:21  Drone x2  
  73  5:25  Drone x3  
  74  5:29  Drone  
  74  5:39  Zergling x10  
  72  5:47  Drone x2  
  69  5:50  Drone  
  69  5:57  Drone x2  
  71  5:58  Drone x8  
  71  6:01  Extractor  
  71  6:02  Extractor  
  75  6:07  Drone  
  75  6:11  Overlord  
  75  6:13  Roach  
  75  6:17  Extractor  
  76  6:18  Overlord  
  76  6:21  Roach x2  
  76  6:23  Glial Reconstitution  
  76  6:24  Overlord x3  
  80  6:30  Roach  
  80  6:32  Roach x3  
  87  6:39  Roach x2  
  91  6:43  Roach x2  
  97  6:54  Roach x5  
  97  6:59  Overlord x2  
  105  7:03  Roach x3  
  111  7:11  Roach x5  
  120  7:16  Ravager  
  120  7:17  Ravager x2  
  120  7:19  Roach, Zergling x2  
  120  7:20  Spine Crawler  
  120  7:22  Spine Crawler  
  124  7:23  Roach x2  
  124  7:28  Ravager, Zergling x6  
  132  7:33  Zergling x8  
  136  7:38  Zergling x2  
  136  7:39  Zergling x2  
  136  7:40  Ravager x2  
  139  7:44  Zergling x6  
  139  7:46  Ravager  
  139  7:49  Zergling x4  
  143  7:53  Zergling x4  
  143  7:55  Zergling x4  
  143  8:00  Ravager x2  
  143  8:01  Zergling x2  
  143  8:03  Overlord  
Tags
 
Add a new tag
Caveats
  • Supply blocks, unpowered buildings, or Contaminate may cause inaccurate times.
  • Supply counts are checked every 10 seconds.